 Dungeon Crawl Stone Soup version 0.23.2-33-g5129a83184 (webtiles) character file.

Game seed: 4607991582249120962

27 DildoBatman the Magician (level 3, -3/24 HPs)
             Began as a Formicid Wizard on Aug 12, 2019.
             Slain by a gnoll
             ... wielding a +0 halberd
              (5 damage)
             ... on level 2 of the Dungeon.
             The game lasted 00:02:51 (1006 turns).

DildoBatman the Magician (Formicid Wizard)          Turns: 1006, Time: 00:02:52

Health: -3/24      AC:  2    Str: 11    XL:     3   Next: 25%
Magic:  5/7        EV: 12    Int: 18    God:
Gold:   39         SH:  0    Dex:  9    Spells: 7/8 levels left

rFire    . . .     SeeInvis +   a - +0 hunting sling
rCold    . . .     Gourm    .   (no shield)
rNeg     . . .     Faith    .   g - +0 robe
rPois    .         Spirit   .   (helmet unavailable)
rElec    .         Reflect  .   (no cloak)
rCorr    .         Harm     .   (no gloves)
MR       .....                  (no boots)
Stlth    ++........             (no amulet)
HPRegen  0.08/turn              (no ring)
MPRegen  0.10/turn              (no ring)

@: no status effects
A: permanent stasis, dig shafts and tunnels, four strong arms, antennae 3
a: Dig, Shaft Self


You were on level 2 of the Dungeon.
You were hungry.

You visited 1 branch of the dungeon, and saw 2 of its levels.

You collected 39 gold pieces.

Inventory:

Hand Weapons
 a - a +0 hunting sling (weapon)
 b - a +0 club
Missiles
 h - 28 bolts
 j - 69 stones (quivered)
Armour
 c - a +0 buckler
 g - a +0 robe (worn)
Scrolls
 d - 2 scrolls of identify {unknown}
 f - 2 scrolls of remove curse {unknown}
 k - a scroll of magic mapping {unknown}
Potions
 e - a potion of agility {unknown}
 i - a potion of heal wounds {unknown}
Comestibles
 v - 2 rations


   Skills:
 - Level 1.7 Dodging
 - Level 2.4 Stealth
 - Level 3.2 Spellcasting
 * Level 2.6 Conjurations
   Level 1.0 Summonings
   Level 0.8 Translocations


You had 7 spell levels left.
You knew the following spells:

 Your Spells              Type           Power        Failure   Level  Hunger
c - Magic Dart            Conj           ##..         5%          1    None

Your spell library contained the following spells:

 Spells                   Type           Power        Failure   Level  Hunger
 Call Imp                 Summ           #.......     16%         2    ##.....
 Slow                     Hex            #.......     24%         2    ##.....
 Conjure Flame            Conj/Fire      #.......     28%         3    ###....
 Mephitic Cloud           Conj/Pois/Air  #.......     32%         3    ###....
 Blink                    Tloc           Unusable     N/A         2    N/A

Dungeon Overview and Level Annotations

Branches:
Dungeon (2/15)

Altars:
Yredelemnul


Innate Abilities, Weirdness & Mutations

You cannot be hasted, slowed, berserked, paralysed or teleported.
You can dig through walls and to a lower floor.
Your four strong arms can wield two-handed weapons with a shield.
You have a pair of large antennae on your head. (SInv)


Message History

The gnoll shouts!
Casting: Magic Dart (safe; 7% risk of failure)
Confirm with . or Enter, or press ? or * to list all spells.
Aiming: Magic Dart (safe; 7% risk of failure)
Press: ? - help, Shift-Dir - straight line, f/p - gnoll
Aim: a gnoll, wielding a +0 flail of draining (almost dead)
The magic dart hits the gnoll.
You kill the gnoll!
You have reached level 3!
Your experience leads to an increase in your attributes!
Increase (S)trength, (I)ntelligence, or (D)exterity?
You feel clever.
The gnoll hits you from afar with a +0 halberd!
Ouch! That really hurt!
You climb upwards.
There is a stone staircase leading down here.
You climb downwards.
The gnoll hits you from afar with a +0 spear!
The gnoll hits you from afar with a +0 halberd.
You die...

#...P.P..... .
....._...#.#.#
#...P.P....#.#
#.........#..
#...........
#........#
#...g....#
+>.gg.@..#
#........#
#.(......#
#(.######## (.
.


You could see 3 gnolls.

Vanquished Creatures
  A gnoll (D:2)
  A dart slug (D:1)
  A giant cockroach (D:1)
  A hobgoblin (D:1)
  2 bats (D:1)
  A frilled lizard (D:1)
  5 kobolds (D:1)
  7 rats (D:1)
  A plant (D:1)
20 creatures vanquished.

Notes
Turn   | Place    | Note
-------+----------+-------------------------------------------
     0 | D:1      | DildoBatman the Formicid Wizard began the quest for the
                  | Orb.
     0 | D:1      | Reached XP level 1. HP: 13/13 MP: 4/4
     2 | D:1      | Reached skill level 1 in Conjurations
   278 | D:1      | Reached XP level 2. HP: 19/19 MP: 3/6
   997 | D:2      | Found a basalt altar of Yredelemnul.
  1002 | D:2      | Reached XP level 3. HP: 24/24 MP: 5/7
  1006 | D:2      | Slain by a gnoll

Skill      XL: |  1  2 |
---------------+-------+-----
Conjurations   | 1 2 |  2.6
Dodging        | |  1.7
Stealth        | |  2.4
Spellcasting   | |  3.2
Summonings     | |  1.0
Translocations | |  0.8

Action                   || total
-------------------------++-------
Melee: Unarmed           ||    20
       Club              ||   109
 Fire: Hunting sling     ||    14
 Cast: Magic Dart        ||    46
Armor: Robe              ||     7
Dodge: Dodged            ||    31
